 Dungeon Crawl Stone Soup version 0.27-a0-1219-g958d993ae5 (webtiles) character file.

Game seed: 3918285263119027613

147 Shayle the Skirmisher (level 5, -9/55 HPs)
             Began as an Ogre Warper on June 6, 2021.
             Mangled by an ogre
             ... wielding a +0 giant spiked club
              (29 damage)
             ... on level 2 of the Dungeon.
             The game lasted 00:05:55 (2839 turns).

Shayle the Skirmisher (Ogre Warper)                 Turns: 2839, Time: 00:05:56

Health: -9/55      AC:  3    Str: 15    XL:     5   Next: 29%
Magic:  8/8        EV: 10    Int: 15    God:
Gold:   98         SH:  0    Dex:  8    Spells: 8/8 levels left

rFire    . . .     SeeInvis .   j - +3 whip
rCold    . . .     Faith    .   (no shield)
rNeg     . . .     Spirit   .   b - +0 robe
rPois    .         Reflect  .   (helmet restricted)
rElec    .         Harm     .   (no cloak)
rCorr    .         Rampage  .   (gloves unavailable)
Will     .....                  (boots unavailable)
Stlth    +.........             (no amulet)
HPRegen  0.18/turn              (no ring)
MPRegen  0.11/turn              (no ring)

@: no status effects
A: large, unfitting armour, tough skin 1
a: no special abilities


You were on level 2 of the Dungeon.
You visited 1 branch of the dungeon, and saw 3 of its levels.

You collected 98 gold pieces.

Inventory:

Hand Weapons
 a - a +0 spear
 j - a +3 whip (weapon)
 k - a +2 dagger of speed
Armour
 b - a +0 robe (worn)
Jewellery
 c - a ring of see invisible
 p - a ring of flight
Wands
 l - a wand of mindburst (15)
Scrolls
 d - 3 scrolls of blinking
 h - 2 scrolls of magic mapping
 i - a scroll of fear
 q - a scroll of enchant armour
 r - a scroll of fog {unknown}
Potions
 f - 2 potions of mutation {unknown}
 g - a potion of magic
 m - a potion of invisibility
 n - 2 potions of degeneration {unknown}
 o - a potion of flight


   Skills:
 + Level 4.5 Fighting
 + Level 3.4 Polearms
 - Level 1.0 Throwing
 + Level 3.3 Dodging
 - Level 2.4 Spellcasting
 - Level 2.6 Translocations


You had 8 spell levels left.
You didn't know any spells.
Your spell library contained the following spells:

 Spells                   Type           Power      Damage    Failure   Level
 Blink                    Tloc           N/A        N/A       11%         2
 Beastly Appendage        Tmut           2%         N/A       22%         1
 Gell's Gravitas          Tloc           4%         N/A       22%         3
 Lesser Beckoning         Tloc           4%         N/A       22%         3
 Teleport Other           Tloc           9%         N/A       22%         3
 Wereblood                Tmut           1%         N/A       32%         2
 Spider Form              Tmut/Pois      0%         N/A       54%         3
 Manifold Assault         Tloc           9%         N/A       89%         5
 Ice Form                 Ice/Tmut       1%         N/A       91%         4
 Hydra Form               Tmut           0%         N/A       99%         5


Dungeon Overview and Level Annotations

Branches:
Dungeon (3/15)

Altars:

Shops:
D:3 (

Annotations:
D:3 1 runed translucent door, Crazy Yiuf


Innate Abilities, Weirdness & Mutations

You are too large for most types of armour.
You have tough skin. (AC +1)


Message History

The bat hits you but does no damage. The bat closely misses you.
The bat barely misses you. The bat hits you but does no damage.
The bat hits you. The bat hits you. The bat barely misses you.
The bat closely misses you. The bat barely misses you.
The bat barely misses you. The bat hits you.
The bat hits you but does no damage. x2
The bat hits you but does no damage. The bat hits you but does no damage. x2
The bat barely misses you. The bat barely misses you. The bat hits you.
The bat hits you but does no damage. The bat hits you.
You hit the bat.
The bat is severely wounded.
The bat misses you. The bat hits you but does no damage.
You hit the bat.
You kill the bat!
The ogre hits you with a +0 giant spiked club!
Okay, then.
You don't know any spells.
Sorry, you're not good enough to have a special ability.
You don't know any spells.
Throw: 2 boomerangs (disperse)
Press: ? - help, Q - select action, (/) - cycle Shift-Dir - straight line, f - ogre
Aim: an ogre, wielding a +0 giant spiked club (72% to hit)
You throw a boomerang of dispersal.
The boomerang of dispersal barely misses the ogre.
The ogre hits you with a +0 giant spiked club!!
Throw: boomerang (disperse)
Press: ? - help, Q - select action, (/) - cycle Shift-Dir - straight line, f/p - ogre
Aim: an ogre, wielding a +0 giant spiked club (72% to hit)
You throw a boomerang of dispersal.
The boomerang of dispersal hits the ogre but does no damage.
The ogre hits you with a +0 giant spiked club!!
Ouch! That really hurt!
You die...

#.# ##.## #.#.# #.#
##...## #.#.#
####.###.....###.#.#
.....#........##<#
.##.##.#.....###.#
.##.##.##...## #..
.##.##.###.## #.#.
.##.##..#### #.##.
.##.###.### #@# .#
...(......# #O# #
###.###.#.# #.# #.#
#.#.######.# #.#
#.#........# #.#
#.########## #.# #O#
#.# #.# #.# #.#


You could see an ogre.

Vanquished Creatures
  A scorpion (D:3)
  An orc wizard (D:3)
  An adder (D:2)
  A worm (D:2)
  A dart slug (D:2)
  4 orcs (D:3)
  3 endoplasms
  A giant cockroach (D:2)
  2 goblins
  6 hobgoblins
  6 kobolds
  A quokka (D:3)
  3 ball pythons
  2 bats
  5 frilled lizards
  7 rats
  A bush (D:3)
46 creatures vanquished.

Vanquished Creatures (others)
  5 plants (D:3)
5 creatures vanquished.

Grand Total: 51 creatures vanquished

Notes
Turn   | Place    | Note
-------+----------+-------------------------------------------
     0 | D:1      | Shayle the Ogre Warper began the quest for the Orb.
     0 | D:1      | Reached XP level 1. HP: 22/22 MP: 3/3
   337 | D:1      | Reached skill level 3 in Fighting
   381 | D:1      | Found a faded altar of an unknown god.
   481 | D:1      | Reached XP level 2. HP: 19/31 MP: 5/5
  1245 | D:2      | Reached XP level 3. HP: 37/37 MP: 6/6
  1318 | D:2      | Noticed an ogre
  1772 | D:3      | Reached skill level 4 in Fighting
  1772 | D:3      | Reached XP level 4. HP: 36/48 MP: 7/7
  2049 | D:3      | Found Vosuatim's Antique Weapon Shop.
  2319 | D:3      | Noticed a scorpion
  2324 | D:3      | Killed a scorpion
  2325 | D:3      | Reached XP level 5. HP: 55/55 MP: 8/8
  2744 | D:3      | Found a runed translucent door.
  2745 | D:3      | Noticed Crazy Yiuf
  2839 | D:2      | Mangled by an ogre

Illustrated notes

Levels and vault maps discovered:
D:1:      dpeg_arrival_simpleton_a, layout_basic, basic_ecumenical_altar,
          minmay_liquid_box, nrook_mini_vaults, hangedman_decor_slide_cut,
          wander_ebering_terrifying_dragon_lair
D:2:      layout_loops_ring, minmay_pentomino_z2
D:3:      layout_basic, serial_shops, nicolae_shop_overgrown_old_shop,
          uniq_crazy_yiuf_cottage

Skill      XL: |  1  2  3  4 |
---------------+-------------+-----
Fighting       | 3 4 |  4.5
Dodging        | 3 |  3.3
Polearms       | 3 |  3.4
Throwing       | |  1.0
Spellcasting   | |  2.4
Translocations | |  2.6

Action                   |  1- 3 |  4- 6 || total
-------------------------+-------+-------++-------
Melee: Spear             |    27 |       ||    27
       Whip              |    83 |   170 ||   253
Throw: Boomerang         |     3 |     2 ||     5
Evoke: Wand              |     2 |     2 ||     4
  Use: Scroll            |       |     7 ||     7
Armor: Robe              |    35 |    31 ||    66
Dodge: Dodged            |    61 |    43 ||   104

Table legend: (Time is in decaauts)
 A = Elapsed time spent in this place.
 B = Non-inter-level travel time spent in this place.
 C = Inter-level travel time spent in this place.
 D = Time resting spent in this place.
 E = Time spent auto-exploring this place.
 F = Levels seen in this place.
 G = Mean time per level.
                   A        B        C        D        E       F      G
               +--------+--------+--------+--------+--------+-----+--------+
         Total |   2864 |   2774 |     90 |      0 |   2004 |   3 |  954.7 |
       Dungeon |   2864 |   2774 |     90 |      0 |   2004 |   3 |  954.7 |
               +--------+--------+--------+--------+--------+-----+--------+

Top non-repeatable levels by time:
     D:3: 1408 daAuts
     D:1: 875 daAuts
     D:2: 581 daAuts
